 Dungeon Crawl Stone Soup version 0.21-a0-401-g0b6bec4 (webtiles) character file.

2048 theanonym the Slicer (level 9, -7/56 HPs)
             Began as a Kobold Hunter on Oct 22, 2017.
             Was a Priest of Okawaru.
             Mangled by a hog (12 damage)
             ... on level 7 of the Dungeon.
             The game lasted 00:19:16 (7788 turns).

theanonym the Slicer (Kobold Hunter)                Turns: 7788, Time: 00:19:16

Health: -7/56      AC: 12    Str: 10    XL:     9   Next: 49%
Magic:  11/11      EV: 18    Int: 12    God:    Okawaru [***...]
Gold:   263        SH:  0    Dex: 18    Spells: 8/8 levels left

rFire    + . .     SeeInvis .   a - +1 hand crossbow
rCold    . . .     Gourm    .   (shield restricted)
rNeg     . . .     Faith    .   c - +1 leather armour
rPois    .         Spirit   .   h - +0 helmet (curse)
rElec    .         Reflect  .   l - +0 cloak
rCorr    .         Harm     .   t - +0 pair of gloves
MR       .....                  n - +1 pair of boots
Stlth    +++.......             (no amulet)
HPRegen  0.18/turn              k - ring of protection from fire
MPRegen  0.12/turn              o - +3 ring of protection

@: about to teleport
A: carnivore 3
a: Heroism, Renounce Religion


You were on level 7 of the Dungeon.
You worshipped Okawaru.
Okawaru was most pleased with you.
You were completely stuffed.

You visited 2 branches of the dungeon, and saw 9 of its levels.
You also visited: Sewer and Ossuary.

You collected 263 gold pieces.

Inventory:

Hand Weapons
 a - a +1 hand crossbow (weapon)
 b - a +2 dagger of venom
   (You took it off a kobold on level 3 of the Dungeon)
Missiles
 d - 38 bolts (quivered)
Armour
 c - a +1 leather armour (worn)
 h - a cursed +0 helmet (worn)
   (You took it off Robin on level 2 of the Dungeon)
 l - a +0 cloak (worn)
   (You found it on level 5 of the Dungeon)
 n - a +1 pair of boots (worn)
   (You found it on level 6 of the Dungeon)
 t - a +0 pair of gloves (worn)
   (You found it on level 4 of the Dungeon)
Jewellery
 e - an uncursed ring of flight
   (You found it on level 3 of the Dungeon)
 i - an uncursed ring of ice
   (You took it off a kobold on level 3 of the Dungeon)
 k - a ring of protection from fire (left hand)
   (You found it on level 1 of the Dungeon)
 o - a +3 ring of protection (right hand)
   (You found it on level 2 of the Dungeon)
Scrolls
 g - 2 scrolls of teleportation
 j - 6 scrolls of enchant armour
 q - a scroll of magic mapping
 r - 3 scrolls of identify
 u - 4 scrolls of remove curse
 B - 3 scrolls of fog {!r}
Potions
 m - 4 potions of degeneration {unknown}
 p - 3 potions of agility {unknown}
 v - 2 potions of heal wounds {unknown}
 w - 3 potions of curing
 x - 2 potions of might {unknown}
 z - 2 potions of brilliance {unknown}
 A - 7 potions of flight {unknown}
Books
 s - a book of Cantrips
   (You found it on level 6 of the Dungeon)

   Spells                             Type                      Level
   a - Confusing Touch                Hexes                        1
   b - Animate Skeleton               Necromancy                   1
   c - Summon Small Mammal            Summoning                    1
   d - Apportation                    Translocation                1
Comestibles
 f - a meat ration
 C - 3 chunks of flesh


   Skills:
 + Level 6.7 Fighting
 - Level 10.0 Short Blades
 + Level 5.3 Crossbows
 + Level 5.5 Dodging
 + Level 5.6 Stealth
 - Level 3.1 Invocations


You had 8 spell levels left.
You didn't know any spells.

Dungeon Overview and Level Annotations

Branches:
Dungeon (8/15)             Temple (1/1) D:4
   Lair: D:8-11

Altars:
Ashenzari
Cheibriados
Dithmenos
Fedhas
Hepliaklqana
Kikubaaqudgha
Makhleb
Nemelex Xobeh
Okawaru
Qazlal
Ru
Sif Muna
Trog
Uskayaw
Vehumet
Wu Jian
Xom
Yredelemnul

Annotations:
D:4 Pikel
D:5 Eustachio


Innate Abilities, Weirdness & Mutations

You are small and have problems with some larger weapons.
You are carnivorous and can eat meat at any time.


Message History

Eating one of 4 chunks of flesh.
You eat one of the 4 chunks of flesh.
This raw flesh tastes great.
You open the door. 2 hogs and a human come into view.
Found a meat ration, 4 royal jellies and 2 bread rations.
Health restored: 56; MP restored: 11
There are monsters nearby!
You gain the combat prowess of a mighty hero.
You now have 9/11 mp.
Your +2 dagger of venom stops dripping with poison.
a - a +1 hand crossbow (weapon)
Aim: a human, wielding a hand axe and wearing an animal skin (resting)
You shoot a bolt. The bolt hits the human!
Aim: a human, wielding a hand axe and wearing an animal skin (lightly wounded)
You shoot a bolt. The bolt hits the human.
Aim: a human, wielding a hand axe and wearing an animal skin (moderately wounded)
You shoot a bolt. The bolt hits the human.
Aim: a human, wielding a hand axe and wearing an animal skin (moderately wounded)
You shoot a bolt. The bolt hits the human.
Aim: a human, wielding a hand axe and wearing an animal skin (moderately wounded)
You shoot a bolt.
The bolt hits the human but does no damage.
The human completely misses you.
Aim: a human, wielding a hand axe and wearing an animal skin (moderately wounded)
You shoot a bolt. The bolt barely misses the human.
The human completely misses you.
Aim: a human, wielding a hand axe and wearing an animal skin (moderately wounded)
You shoot a bolt. The bolt hits the human!
The human completely misses you.
Aim: a human, wielding a hand axe and wearing an animal skin (severely wounded)
You shoot a bolt. The bolt hits the human!
The hog squeals angrily.
The human misses you.
Aim: a human, wielding a hand axe and wearing an animal skin (almost dead)
You shoot a bolt. The hog squeals angrily.
The bolt hits the human!
You kill the human!
Okawaru accepts your kill.
Okawaru will gift you ammunition as your piety grows.
Aim: a hog You shoot a bolt.
The bolt hits the hog!
A hog comes into view.
Aim: a hog (lightly wounded)
You shoot a bolt. The hog squeals angrily.
The bolt hits the hog!
You hear an angry squeal.
A hog comes into view.
Aim: a hog (heavily wounded)
You shoot a bolt. The bolt barely misses the hog.
The hog bites you but does no damage.
Aim: a hog (heavily wounded)
You shoot a bolt. The bolt hits the hog.
The hog barely misses you. The hog completely misses you.
Aim: a hog (heavily wounded)
You shoot a bolt. The bolt hits the hog.
The hog misses you. The hog bites you but does no damage.
The hog completely misses you. The hog closely misses you.
Aim: a hog (severely wounded)
You shoot a bolt. The bolt hits the hog.
The hog completely misses you.
The hog misses you. x2; The hog closely misses you.
MP restored: 11
Aim: a hog (almost dead)
You shoot a bolt. The bolt completely misses the hog.
The hog misses you. The hog barely misses you. The hog misses you.
Aim: a hog (almost dead)
You shoot a bolt. The bolt closely misses the hog.
You feel like a meek peon again. The hog bites you! The hog barely misses you.
The hog closely misses you. The hog bites you! The hog closely misses you.
You take 19 damage, and have 37/56 hp.
MASSIVE DAMAGE!!
Aim: a hog (almost dead)
You shoot a bolt. The bolt closely misses the hog.
The hog bites you but does no damage. The hog barely misses you.
The hog closely misses you. The hog bites you but does no damage.
Aim: a hog (severely wounded)
You shoot a bolt.
The bolt hits the hog but does no damage.
The hog misses you. x2; The hog completely misses you.
The hog barely misses you. The hog bites you but does no damage.
The hog barely misses you.
Aim: a hog (severely wounded)
You shoot a bolt. The bolt closely misses the hog.
The hog bites you. The hog bites you but does no damage.
The hog closely misses you. x2
You take 5 damage, and have 33/56 hp.
The hog misses you. The hog completely misses you. The hog bites you!
* * * LOW HITPOINT WARNING * * *
You take 10 damage, and have 23/56 hp.
The hog bites you!
* * * LOW HITPOINT WARNING * * *
You take 7 damage, and have 16/56 hp.
The hog closely misses you. The hog bites you.
* * * LOW HITPOINT WARNING * * *
You take 3 damage, and have 13/56 hp.
Okay, then.
As you read the scroll of teleportation, it crumbles to dust.
You feel strangely unstable. The hog bites you!
* * * LOW HITPOINT WARNING * * *
The hog bites you!
You die...

..#.........###.......#
..#...#.....# ##.....)#
..##..#...#.# #......#
...## ##..#.# #......#
(...# #.<..# #.#.########
#..### #....####.#>##(%#..#
.....###..#...##.#..#%(#..#
...)..##...........##.('..#
.........##.....@h..#((#..
..(.............hh..#(.#
..................h.#)##
##......###...(.....(..#
###.....##########....##
.............######.###
###....###............#
###....########...##..#
......................#


You could see 4 hogs.

Vanquished Creatures
  Grinder (D:6)
  A human (D:7)
  A hungry ghost (D:7)
  A sky beast (D:7)
  A phantom (D:5)
  2 centaurs (D:6)
  5 water moccasin zombies (Ossuary)
  A jelly (D:5)
  A quasit (D:7)
  3 hounds (D:6)
  2 bullfrog skeletons
  4 orc wizards
  An iguana (D:4)
  5 worker ants
  4 big kobold zombies (Ossuary)
  A hound skeleton (D:5)
  2 mummies (Ossuary)
  Robin (D:2)
  11 gnolls
  8 adders
  A river rat (Sewer)
  3 oozes (Sewer)
  8 adder zombies (Ossuary)
  5 worms
  2 dart slugs (D:2)
  6 leopard geckos
  6 orcs
  2 bat zombies (D:5)
  5 giant cockroaches
  A gnoll zombie (Ossuary)
  10 goblins
  8 hobgoblins
  2 jackals (D:7)
  4 quokkas
  9 ball pythons
  11 bats
  7 frilled lizards
  3 hobgoblin zombies (Ossuary)
  12 kobolds
  8 kobold zombies (Ossuary)
  A leopard gecko zombie (D:7)
  4 orc zombies (Ossuary)
  A quokka skeleton (D:6)
  12 rats
187 creatures vanquished.

Notes
Turn   | Place    | Note
-------+----------+-------------------------------------------
     0 | D:1      | theanonym the Kobold Hunter began the quest for the Orb.
     0 | D:1      | Reached XP level 1. HP: 12/12 MP: 1/1
   109 | D:1      | Reached skill level 1 in Short Blades
   109 | D:1      | Reached XP level 2. HP: 18/18 MP: 2/2
   328 | D:1      | Reached skill level 2 in Stealth
   544 | D:1      | Reached XP level 3. HP: 21/22 MP: 3/3
   989 | D:2      | Reached skill level 2 in Short Blades
  1192 | D:2      | Noticed Robin
  1195 | D:2      | Reached skill level 3 in Dodging
  1233 | D:2      | Reached XP level 4. HP: 15/27 MP: 4/4
  1243 | D:2      | Killed Robin
  1332 | D:2      | Reached skill level 3 in Short Blades
  1494 | D:2      | Found a shimmering altar of Xom.
  1496 | D:2      | Found a stormy altar of Qazlal.
  1496 | D:2      | Found a stormy altar of Qazlal.
  1498 | D:2      | Found a bloodstained altar of Trog.
  1498 | D:2      | Found a sacrificial altar of Ru.
  1498 | D:2      | Found a radiant altar of Vehumet.
  1772 | D:2      | Reached skill level 3 in Fighting
  1960 | D:2      | Reached skill level 3 in Stealth
  2194 | D:3      | Reached XP level 5. HP: 32/32 MP: 5/5
  3091 | D:4      | Reached skill level 4 in Short Blades
  3106 | D:4      | Reached XP level 6. HP: 35/37 MP: 6/6
  3528 | D:4      | Reached skill level 4 in Stealth
  3640 | D:4      | Found a staircase to the Ecumenical Temple.
  3662 | D:4      | Noticed a slave
  3663 | D:4      | Noticed Pikel
  3663 | D:4      | Noticed a slave
  3665 | D:4      | Noticed a slave
  3665 | D:4      | Noticed a slave
  3726 | Temple   | Entered the Ecumenical Temple
  3731 | Temple   | Reached skill level 4 in Dodging
  3804 | Temple   | Became a worshipper of Warmaster Okawaru
  3880 | D:3      | Reached skill level 5 in Short Blades
  4139 | D:5      | Entered Level 5 of the Dungeon
  4168 | D:5      | Noticed Eustachio
  4382 | D:5      | Noticed a phantom
  4399 | D:5      | Killed a phantom
  4399 | D:5      | Reached * piety under Okawaru
  4399 | D:5      | Reached skill level 4 in Fighting
  4399 | D:5      | Reached XP level 7. HP: 34/43 MP: 7/7
  4596 | D:5      | Found a glowing drain.
  4610 | Sewer    | Entered a sewer
  5106 | D:5      | Found a burning altar of Makhleb.
  5257 | D:5      | Found an ancient bone altar of Kikubaaqudgha.
  5485 | D:6      | Reached skill level 6 in Short Blades
  5554 | D:6      | Found a sand-covered staircase.
  5566 | Ossuary  | Entered an ossuary
  5948 | Ossuary  | Reached skill level 5 in Stealth
  5948 | Ossuary  | Reached skill level 1 in Invocations
  5949 | Ossuary  | Reached XP level 8. HP: 36/48 MP: 6/9
  6102 | Ossuary  | Reached skill level 5 in Dodging
  6137 | Ossuary  | Reached skill level 7 in Short Blades
  6137 | Ossuary  | Reached skill level 2 in Invocations
  6494 | D:6      | Reached skill level 5 in Fighting
  6527 | D:6      | Noticed Grinder
  6536 | D:6      | Paralysed by Grinder for 3 turns
  6540 | D:6      | Killed Grinder
  6540 | D:6      | Reached ** piety under Okawaru
  6540 | D:6      | Reached skill level 8 in Short Blades
  6540 | D:6      | Reached skill level 3 in Invocations
  6991 | D:6      | Reached skill level 9 in Short Blades
  6991 | D:6      | Reached XP level 9. HP: 55/55 MP: 11/11
  7318 | D:7      | Reached skill level 6 in Fighting
  7387 | D:7      | You fall through a shaft!
  7436 | D:7      | Reached skill level 10 in Short Blades
  7490 | D:7      | Reached skill level 5 in Crossbows
  7771 | D:7      | Reached *** piety under Okawaru
  7788 | D:7      | HP: 5/56 [hog (8)]
  7788 | D:7      | Mangled by a hog

Vault maps used:
D:1:      arrival_zaba_pyramid, solitary_fountain
D:2:      doesnt_xom_only_xom, minmay_statues_item, nrook_mini_backslash,
          minmay_split_cup_large, uniq_robin
D:4:      temple_statues, dk_noncrumbling_4, uniq_duvessa, uniq_pikel
D:5:      lemuel_zombie_altar_kikubaaqudgha, kennysheep_little_box, first_bread,
          gup_sewer_entry_bubbles, uniq_eustachio
D:6:      nicolae_ossuary_entry_monument, uniq_grinder
D:7:      minmay_flawed_box, grunt_livestock
D:8:      good_gods_temple_1, dpeg_oklobed_lair, serial_shops, shop
Temple:   nicolae_temple_elliptical
Sewer:    sewer_co_15_rooms
Ossuary:  ossuary_tomb_2

Skill      XL: |  1  2  3  4  5  6  7  8  9 |
---------------+----------------------------+-----
Short Blades   | 1 2 3 4 5 6 9 10 | 10.0
Stealth        | 2 3 4 5 |  5.6
Dodging        | 3 4 5 |  5.5
Fighting       | 3 4 5 6 |  6.7
Invocations    | 1 3 |  3.1
Crossbows      | 5 |  5.3

Action                   |  1- 3 |  4- 6 |  7- 9 || total
-------------------------+-------+-------+-------++-------
Melee: Short sword       |    72 |   104 |       ||   176
       Dagger            |    37 |    63 |   424 ||   524
       Punch             |       |       |     1 ||     1
 Fire: Hand crossbow     |     8 |    30 |   110 ||   148
Invok: Heroism           |       |       |    12 ||    12
  Use: Scroll            |     4 |     3 |     7 ||    14
       Potion            |       |     1 |       ||     1
 Stab: Sleeping          |     6 |     9 |     6 ||    21
       Distracted        |       |     1 |     1 ||     2
  Eat: Chunk             |    10 |     9 |    15 ||    34
Armor: Leather armour    |    27 |    28 |    72 ||   127
Dodge: Dodged            |   120 |   146 |   303 ||   569

Table legend:
 A = Spawn XP
 B = Non-spawn XP
 C = Spawn XP percentage of total XP
 D = Spawn monster count
 E = Non-spawn monster count
 F = Spawn count percentage of total count
 G = Total turns spent on level
                    A         B        C        D         E        F      G
               +---------+---------+-------+---------+---------+-------+---------
         Total |       0 |    2927 |   0.0 |       0 |     187 |   0.0 |  7788
               +---------+---------+-------+---------+---------+-------+---------
           D:1 |       0 |      32 |   0.0 |       0 |      22 |   0.0 |   919
           D:2 |       0 |     104 |   0.0 |       0 |      37 |   0.0 |  1236
           D:3 |       0 |     106 |   0.0 |       0 |      15 |   0.0 |  1136
           D:4 |       0 |     185 |   0.0 |       0 |       9 |   0.0 |   754
           D:5 |       0 |     220 |   0.0 |       0 |      12 |   0.0 |   837
           D:6 |       0 |     821 |   0.0 |       0 |      22 |   0.0 |  1093
           D:7 |       0 |     798 |   0.0 |       0 |      17 |   0.0 |   513
        Temple |       0 |       1 |   0.0 |       0 |       1 |   0.0 |    94
         Sewer |       0 |      59 |   0.0 |       0 |      17 |   0.0 |   419
       Ossuary |       0 |     601 |   0.0 |       0 |      35 |   0.0 |   781
               +---------+---------+-------+---------+---------+-------+---------
